 Dungeon Crawl Stone Soup version 0.28.0-43-g3370ac3207 (webtiles) character file.

Game seed: 4291737537717465204

2 jimonade the Ruffian (level 1, 0/20 HPs)
             Began as a Gnoll Wanderer on Mar 13, 2022.
             Slain by a bat (1 damage)
             ... on level 1 of the Dungeon.
             The game lasted 00:00:42 (110 turns).

jimonade the Ruffian (Gnoll Wanderer)                Turns: 110, Time: 00:00:43

Health: 0/20       AC:  5    Str: 13    XL:     1   Next: 40%
Magic:  4/4        EV: 10    Int: 10    God:
Gold:   0          SH:  0    Dex: 10    Spells: 4/5 levels left

rFire   . . .      SeeInvis .   a - +0 club
rCold   . . .      Faith    .   (no shield)
rNeg    . . .      Spirit   .   c - +0 ring mail
rPois   .          Reflect  .   (no helmet)
rElec   .          Harm     .   (no cloak)
rCorr   .          Rampage  .   (no gloves)
Will    .....                   (no boots)
Stlth   +.........              (no amulet)
HPRegen 0.06/turn               (no ring)
MPRegen 0.09/turn               (no ring)

@: no status effects
A: fangs 1, strong nose, distributed training
a: no special abilities


You were on level 1 of the Dungeon.
You visited 1 branch of the dungeon, and saw 1 of its levels.

Inventory:

Hand Weapons
 a - a +0 club (weapon)
Missiles
 d - 32 stones (quivered)
Armour
 c - a +0 ring mail (worn)
Scrolls
 b - a scroll of blinking
 f - a scroll of teleportation {unknown}
Potions
 e - a potion of berserk rage


   Skills:
 + Level 4.4 Fighting
 + Level 0.0 Short Blades
 + Level 0.0 Long Blades
 + Level 0.0 Axes
 + Level 0.0 Maces & Flails
 + Level 0.0 Polearms
 + Level 0.0 Staves
 + Level 0.0 Slings
 + Level 0.0 Bows
 + Level 0.0 Crossbows
 + Level 0.0 Throwing
 + Level 2.3 Armour
 + Level 0.0 Dodging
 + Level 2.1 Stealth
 + Level 0.0 Shields
 + Level 6.4 Unarmed Combat
 + Level 2.6 Spellcasting
 + Level 0.0 Conjurations
 + Level 0.0 Hexes
 + Level 0.0 Summonings
 + Level 0.0 Necromancy
 + Level 0.0 Translocations
 + Level 0.0 Transmutations
 + Level 0.0 Fire Magic
 + Level 0.0 Ice Magic
 + Level 0.0 Air Magic
 + Level 3.6 Earth Magic
 + Level 0.0 Poison Magic
 + Level 0.1 Invocations
 + Level 0.0 Evocations


You had 4 spell levels left.
You knew the following spells:

 Your Spells              Type           Power      Damage    Failure   Level
a - Sandblast             Erth           16%        2d6       14%         1

Your spell library contained the following spells:

 Spells                   Type           Power      Damage    Failure   Level
 Stone Arrow              Conj/Erth      10%        3d7       65%         3


Dungeon Overview and Level Annotations

Branches:
Dungeon (1/15)

Altars:


Innate Abilities, Weirdness & Mutations

You have very sharp teeth.
Your uncanny sense of smell can sniff out nearby items.
Your experience applies equally to all skills.


Message History

The bat barely misses you. The bat hits you but does no damage.
The kobold closely misses you.
You hit the kobold.
The kobold is heavily wounded.
The bat hits you but does no damage. The kobold barely misses you.
The kobold hits you but does no damage.
You barely miss the kobold.
The kobold is heavily wounded.
The bat hits you but does no damage. The bat hits you.
The kobold hits you with a +0 whip.
You closely miss the kobold.
The kobold is heavily wounded.
The bat barely misses you. The kobold hits you with a +0 whip.
You are too injured to fight recklessly!
You are too injured to fight recklessly!
You are too injured to fight recklessly!
You are too injured to fight recklessly!
You are too injured to fight recklessly!
You are too injured to fight recklessly!
You are too injured to fight recklessly!
You are too injured to fight recklessly!
You completely miss the kobold. Your bite misses the kobold.
The kobold is heavily wounded.
The bat hits you but does no damage. The kobold closely misses you.
The kobold hits you with a +0 whip.
* * * LOW HITPOINT WARNING * * *
You completely miss the kobold. You bite the kobold.
The kobold is severely wounded.
The bat hits you.
* * * LOW HITPOINT WARNING * * *
The kobold hits you with a +0 whip.
* * * LOW HITPOINT WARNING * * *
You hit the kobold.
You kill the kobold!
The bat hits you but does no damage. The bat closely misses you.
The bat barely misses you. The bat closely misses you.
You see here a +0 whip.
The bat closely misses you.
You hit the bat but do no damage. The bat hits you.
You die...

#.... ∆ #....## #.#
...... #.#
#.###.#.#########.#
#.#
+.................#
#.#
.###.#.#...#########.#
#.#.#.# #.....#.#
#b#.#.# #.###.#.#
#@#.#.# #.# #.#.#
#.#.#.###.###.#.#
..#.#...........#
####.#.....###.###
#.#.##### #.# #.# #.#
#.# #.# #.# #.# #.#
#.#


You could see a bat.

Vanquished Creatures
  An endoplasm (D:1)
  A kobold (D:1)
2 creatures vanquished.

Notes
Turn   | Place    | Note
-------+----------+-------------------------------------------
     0 | D:1      | jimonade the Gnoll Wanderer began the quest for the Orb.
     0 | D:1      | jimonade set off with the following items: a +0 club, a
                  | scroll of blinking, a +0 ring mail, 32 stones, a potion of
                  | berserk rage; and the following spell memorised: Sandblast;
                  | and the following spells available to memorise: Stone Arrow
     0 | D:1      | Reached XP level 1. HP: 20/20 MP: 4/4
   106 | D:1      | HP: 1/20 [kobold/+0 whip (3)]
   110 | D:1      | Slain by a bat

Illustrated notes

Levels and vault maps discovered:
D:1:      dpeg_arrival_tiny_a, layout_basic

Action                   || total
-------------------------++-------
Melee: Club              ||    16
       Bite              ||     2
Armor: Ring mail         ||     8
Dodge: Dodged            ||    14
